Map: 2000 Atmospheres LE

Players

Pumba - Winner!

  • Race: Zerg Zerg
  • League: Diamond
  • Spawn Location: 7:00

TaNk

  • Race: Terran Terran
  • League: Diamond
  • Spawn Location: 3:00

VOD

Have the link to the VOD?

Description

Time

  • Played on: Aug. 17, 2021, 7:47 p.m.
  • Length: 11:23
Show
View Real Time Build Order
Export as new Build Order

Pumba Zerg - Winner!

Build Orders: Pool First 

Get SALT Encoding   

  12  0:00  Drone  
  13  0:12  Overlord  
  13  0:16  Drone  
  14  0:31  Drone x2  
  16  0:39  Drone  
  17  0:44  Spawning Pool  
  17  0:47  Drone  
  17  1:07  Hatchery  
  16  1:11  Drone  
  16  1:16  Drone, Extractor  
  17  1:21  Drone  
  18  1:29  Drone  
  18  1:31  Queen  
  21  1:38  Overlord  
  21  1:51  Drone  
  22  2:00  Zergling x2  
  23  2:07  Queen  
  25  2:14  Drone  
  26  2:20  Metabolic Boost, Drone  
  27  2:30  Drone  
  27  2:32  Drone  
  27  2:34  Hatchery  
  28  2:40  Queen  
  30  2:45  Drone x2  
  32  2:53  Overlord  
  32  3:00  Overlord  
  32  3:08  Drone x3  
  32  3:10  Overlord  
  35  3:23  Drone x6  
  41  3:27  Queen  
  41  3:33  Queen  
  44  3:43  Drone  
  45  3:53  Drone x4  
  50  3:55  Zergling x4  
  50  4:00  Drone x4  
  50  4:01  Drone, Overlord  
  56  4:16  Queen  
  60  4:24  Drone x7  
  65  4:32  Overlord  
  65  4:33  Drone x5  
  65  4:38  Overlord  
  70  4:53  Zergling x8  
  70  4:57  Zergling x12  
  70  4:59  Lair  
  80  5:01  Extractor  
  80  5:02  Baneling Nest  
  78  5:10  Zergling x6  
  78  5:11  Zergling x4  
  81  5:25  Zergling x6  
  82  5:28  Overlord  
  82  5:29  Overlord x3  
  82  5:39  Extractor x2  
  82  5:40  Drone x2  
  82  5:42  Extractor  
  82  5:43  Extractor  
  82  5:47  Hatchery  
  78  5:57  Drone x8  
  78  5:59  Hatchery x2  
  78  6:01  Centrifugal Hooks  
  78  6:02  Spire  
  78  6:04  Drone x4  
  84  6:06  Drone x5  
  91  6:18  Overlord  
  91  6:19  Overlord x2  
  91  6:34  Drone x3  
  91  6:36  Drone x2, Evolution Chamber  
  91  6:37  Evolution Chamber  
  92  6:56  Zergling x20  
  101  7:04  Baneling  
  101  7:05  Baneling x10  
  101  7:13  Zerg Ground Armor Level 1, Zerg Melee Weapons Level 1  
  101  7:18  Mutalisk x6  
  111  7:29  Overlord  
  109  7:30  Overlord  
  109  7:31  Mutalisk x2  
  113  7:39  Zerg Flyer Weapons Level 1  
  113  7:51  Drone x3  
  116  7:57  Extractor x2  
  114  7:58  Extractor  
  114  8:02  Drone x10, Extractor  
  114  8:04  Drone x2  
  114  8:05  Drone x2  
  124  8:06  Drone x2  
  124  8:09  Zergling x14  
  124  8:10  Mutalisk x3  
  140  8:17  Overlord x4  
  140  8:25  Baneling  
  140  8:26  Baneling x10  
  124  8:36  Zergling x26  
  124  8:37  Zergling x6  
  131  8:45  Baneling x6  
  130  8:48  Baneling x7  
  122  9:19  Zergling x28  
  136  9:26  Zergling x16  
  136  9:28  Baneling x7  
  136  9:29  Baneling x9  
  144  9:34  Overlord  
  144  9:46  Baneling x7  
  144  9:58  Zergling x30  
  138  10:35  Zergling x8  
  138  10:36  Zergling x26  
  138  10:37  Zergling x6  
  138  10:38  Zergling x20  
  138  10:39  Baneling x9  
  138  10:40  Baneling x20  
  166  10:59  Mutalisk x8  
Show
View Real Time Build Order
Export as new Build Order

TaNk Terran 

Build Orders: Reaper Expand 

Get SALT Encoding   

  12  0:00  SCV  
  13  0:12  SCV  
  14  0:17  Supply Depot  
  14  0:25  SCV  
  15  0:39  SCV  
  15  0:40  Barracks  
  16  0:45  Refinery  
  16  0:51  SCV  
  17  1:03  SCV  
  18  1:15  SCV  
  19  1:28  Reaper, Orbital Command  
  20  1:42  Command Center  
  20  1:53  Barracks  
  20  1:57  SCV  
  20  2:00  Barracks Reactor  
  21  2:11  Supply Depot, SCV  
  22  2:17  Refinery  
  22  2:23  SCV  
  23  2:31  Factory  
  23  2:35  SCV  
  24  2:38  Marine  
  24  2:39  Marine  
  24  2:41  Barracks Tech Lab  
  26  2:47  SCV  
  27  2:56  Orbital Command  
  27  2:59  SCV  
  27  3:00  Marine x2  
  30  3:12  Marine  
  31  3:13  Supply Depot  
  31  3:17  Orbital Command, Starport  
  31  3:20  Factory Reactor  
  31  3:25  SCV  
  32  3:31  Marine x2  
  34  3:37  Stimpack  
  34  3:38  Marine  
  35  3:46  SCV x2  
  37  3:51  Marine  
  37  3:52  Marine  
  39  3:56  Marine  
  39  3:59  Supply Depot  
  40  4:03  SCV  
  40  4:04  SCV  
  40  4:08  Medivac x2  
  46  4:10  Marine  
  46  4:13  Marine  
  46  4:14  Marine  
  49  4:19  SCV x2  
  51  4:26  Engineering Bay  
  51  4:27  Engineering Bay  
  51  4:31  SCV x2  
  53  4:43  SCV, Command Center  
  53  4:52  Terran Infantry Weapons Level 1  
  53  4:53  Terran Infantry Armor Level 1  
  53  4:55  SCV  
  54  5:01  Barracks x2  
  54  5:03  Factory Tech Lab  
  54  5:04  SCV  
  55  5:13  Marine  
  56  5:17  Combat Shield  
  55  5:26  Marine x2  
  55  5:27  SCV, Siege Tank  
  54  5:32  SCV  
  54  5:33  Barracks  
  54  5:35  Barracks  
  55  5:37  Marine  
  55  5:38  Refinery  
  55  5:40  SCV  
  57  5:47  Armory  
  57  5:48  Marine  
  58  5:51  Barracks Reactor, Marine  
  58  5:52  SCV  
  59  6:00  Barracks Reactor  
  59  6:01  SCV  
  60  6:05  SCV, Orbital Command  
  60  6:09  Marine x2  
  60  6:10  Refinery  
  63  6:13  SCV  
  63  6:14  Supply Depot  
  63  6:15  Supply Depot  
  64  6:28  Marine x5  
  64  6:29  SCV, Medivac  
  64  6:30  Medivac  
  74  6:34  Supply Depot  
  74  6:37  Orbital Command, Marine x2  
  74  6:38  SCV  
  77  6:46  Marine  
  77  6:47  SCV, Marine x2  
  78  6:50  Marine  
  78  6:51  Marine  
  83  6:55  Marine x2  
  83  6:58  SCV  
  83  7:00  Supply Depot, Terran Infantry Weapons Level 2  
  86  7:04  Marine x2  
  86  7:05  Marine  
  89  7:08  Marine x2  
  89  7:10  Terran Infantry Armor Level 2  
  89  7:13  Marine x2  
  93  7:22  Marine  
  91  7:23  Marine x2  
  91  7:24  SCV  
  91  7:25  Medivac  
  91  7:26  Medivac, Marine x2  
  94  7:30  SCV  
  94  7:36  Terran Vehicle And Ship Armor Level 1, Marine x2  
  97  7:38  Barracks Reactor  
  97  7:40  SCV  
  97  7:42  Marine  
  97  7:43  Marine x2  
  101  7:45  Barracks Reactor  
  101  7:48  SCV  
  101  7:50  Supply Depot  
  101  7:51  SCV  
  103  7:55  Marine  
  103  7:56  Marine x2  
  106  8:02  Marine  
  106  8:03  Marine x2  
  109  8:10  SCV, Siege Tank, Marine  
  109  8:11  Supply Depot  
  114  8:16  Marine  
  114  8:17  SCV  
  111  8:21  Missile Turret x2  
  111  8:24  Marine x2  
  111  8:25  Marine x2  
  103  8:40  Marine x2  
  75  8:42  Marine x2  
  75  8:46  SCV, Marine x2  
  55  9:08  Marine x2  
  55  9:09  SCV, Marine  
  58  9:11  Medivac x2  
  58  9:13  Thor  
  58  9:14  Marine x3  
  58  9:15  Marine x2  
  73  9:19  Marine x3  
  76  9:26  SCV, Marine x2  
  76  9:28  Marine  
  76  9:32  Marine  
  67  9:44  Marine x2  
  67  9:45  Marine  
  70  9:47  Marine  
  47  10:11  Marine x4  
  47  10:13  Marine x3  
  54  10:14  SCV  
  54  10:17  Marine  
  55  10:25  Marine x2  
  57  10:41  Marine  
  57  10:42  Marine  
  59  10:45  Marine  
  59  10:46  Marine  
  59  10:47  Marine x2  
  59  10:48  Marine x2  
  65  10:51  Marine  
  66  10:58  Marine x2  
Tags
 
Add a new tag
Caveats
  • Supply blocks, unpowered buildings, or Contaminate may cause inaccurate times.
  • Supply counts are checked every 10 seconds.